 Dungeon Crawl Stone Soup version 0.20-a0-809-gaf7f668 (webtiles) character file.

35 Gorglomux the Insei (level 3, -8/23 HPs)
             Began as an Octopode Transmuter on Mar 4, 2017.
             Mangled by Sigmund
             ... wielding a +0 scythe
              (12 damage)
             ... on level 2 of the Dungeon.
             The game lasted 00:02:45 (1006 turns).

Gorglomux the Insei (Octopode Transmuter)           Turns: 1006, Time: 00:02:45

Health: -8/23      AC:  3    Str:  9    XL:     3   Next: 33%
Magic:  2/6        EV: 13    Int: 16    God:
Gold:   40         SH:  0    Dex: 12    Spells: 0/6 levels left

rFire    . . .     SeeInvis .     - Unarmed
rCold    . . .     Gourm    .   (no shield)
rNeg     . . .     Faith    .   (helmet restricted)
rPois    .         Spirit   .   (no amulet)
rElec    .         Reflect  .   j - +2 ring of protection
rCorr    .         Harm     .   (no ring)
MR       .....                  (no ring)
Stlth    ++........             (no ring)
Regen    0.1/turn               (no ring)
MPRegen  0.1/turn               (no ring)
                                (no ring)
                                (no ring)

@: appendage
A: almost no armour, stealthy swim, amphibious, 8 rings, constrict 8, tentacle
spike 3, camouflage 1, gelatinous body 1
a: End Transformation


You were on level 2 of the Dungeon.
You were not hungry.
One of your tentacles had a temporary spike.
You visited 1 branch of the dungeon, and saw 2 of its levels.

You collected 40 gold pieces.

Inventory:

Missiles
 a - 11 arrows
Jewellery
 j - a +2 ring of protection (left tentacle)
Scrolls
 d - 2 scrolls of teleportation {unknown}
Potions
 e - a potion of curing {unknown}
 g - 2 potions of invisibility {unknown}
 i - 2 potions of cancellation {unknown}
Books
 b - a book of Changes

   Spells                             Type                      Level
   a - Beastly Appendage              Transmutation                1
   b - Sticks to Snakes               Transmutation                2
   c - Spider Form                    Transmutation/Poison         3
   d - Ice Form                       Ice/Transmutation            4
   e - Blade Hands                    Transmutation                5
Comestibles
 c - 2 bread rations
 h - 2 fruits


   Skills:
 - Level 1.0 Fighting
 - Level 2.0 Dodging
 + Level 3.6 Unarmed Combat
 - Level 2.0 Spellcasting
 + Level 3.0 Transmutations


You couldn't memorise any spells.
You knew the following spells:

 Your Spells              Type           Power        Failure   Level  Hunger
a - Beastly Appendage     Tmut           ##....       8%          1    #......
b - Sticks to Snakes      Tmut           ##......     10%         2    ###....
c - Spider Form           Tmut/Pois      #.........   34%         3    ###....


Dungeon Overview and Level Annotations

Branches:
Dungeon (2/15)

Altars:

Annotations:
D:2 Sigmund


Innate Abilities, Weirdness & Mutations

You cannot wear most types of armour.
You are very stealthy in the water. (Stealth+)
You are amphibious.
You can wear up to eight rings at the same time.
You can use your tentacles to constrict eight enemies at once.
Your skin changes colour to match your surroundings (Stealth+).
Your rubbery body absorbs attacks. (AC +1, EV +1)
One of your tentacles bears a large vicious spike.


Message History

A rat comes into view.
Casting: Spider Form
Confirm with . or Enter, or press ? or * to list all spells.
One of your tentacles grows a vicious spike.
The jackal closely misses you. The jackal misses you. The jackal bites you.
Unknown command.
You tentacle-slap Sigmund. Your grab misses Sigmund.
Sigmund is moderately wounded.
Sigmund hits you with a scythe!
Ouch! That really hurt!
* * * LOW HITPOINT WARNING * * *
The jackal bites you but does no damage.
The jackal misses you.
Press: ? - help, v - describe, . - travel
Here: Sigmund, wielding a scythe and wearing a robe (moderately wounded, poisoned)
The floor.
Unknown command.
Sigmund hits you from afar with a scythe!
Ouch! That really hurt!
You die...

.. ... .... ....
#.#...#... #.#=.
..#.#... . #.##..
#.#.... .. # #.#
#.##.....##... .. #.#
#..#.......... ..## #.#
##..........#
#...###.###.....@.#
#....#..?.......hh#
###.........#.@...#
#......(#.######†.##
..#.......######...####
.....<................#
..#.....#########..r....
. ##..#..# .#..#.#
#>.##.# ..#.# .


You could see Sigmund, 2 jackals and a rat.

Vanquished Creatures
  2 dart slugs (D:1)
  3 leopard geckos
  A giant cockroach (D:2)
  2 goblins (D:1)
  A hobgoblin (D:2)
  6 jackals (D:1)
  A quokka (D:2)
  3 bats (D:1)
  4 kobolds (D:1)
  3 rats (D:1)
26 creatures vanquished.

Notes
Turn   | Place    | Note
-------+----------+-------------------------------------------
     0 | D:1      | Gorglomux the Octopode Transmuter began the quest for the Orb.
     0 | D:1      | Reached XP level 1. HP: 13/13 MP: 3/3
   310 | D:1      | Reached XP level 2. HP: 17/18 MP: 3/5
   638 | D:1      | Reached XP level 3. HP: 23/23 MP: 4/6
   650 | D:1      | Learned a level 2 spell: Sticks to Snakes
   943 | D:2      | Reached skill level 3 in Transmutations
   958 | D:2      | Noticed Sigmund
   988 | D:2      | Learned a level 3 spell: Spider Form
  1006 | D:2      | Mangled by Sigmund

Vault maps used:
D:1:      scummos_arrival_simple_fountains
D:2:      kennysheep_vampire_church, uniq_sigmund

Skill      XL: |  1  2  3 |
---------------+----------+-----
Transmutations | 3 |  3.0
Fighting       | |  1.0
Dodging        | |  2.0
Unarmed Combat | |  3.6
Spellcasting   | |  2.0

Action                   || total
-------------------------++-------
Melee: Unarmed           ||    61
       Kick              ||    13
       Constrict         ||    14
       Tentacles         ||     5
 Cast: Beastly Appendage ||    18
       Spider Form       ||     1
       Sticks to Snakes  ||     1
 Stab: Sleeping          ||     3
  Eat: Chunk             ||     1
Armor: Skin              ||     3
Dodge: Dodged            ||    42
